 Dungeon Crawl Stone Soup version 0.26.1-10-gdfb7c7de75 (webtiles) character file.

Game seed: 17045812483338129047

2611 Eitelfritz the Carver (level 9, -2/75 HPs)
             Began as a Hill Orc Fighter on Apr 4, 2021.
             Was a High Priest of Okawaru.
             Killed from afar by an electric eel (11 damage)
             ... with a bolt of electricity
             ... on level 6 of the Dungeon.
             The game lasted 00:14:25 (6816 turns).

Eitelfritz the Carver (Hill Orc Fighter)            Turns: 6816, Time: 00:14:26

Health: -2/75      AC: 15    Str: 21    XL:     9   Next: 60%
Magic:  14/14      EV:  9    Int:  9    God:    Okawaru [*****.]
Gold:   59         SH: 10    Dex: 10    Spells: 8/8 levels left

rFire    . . .     SeeInvis +   a - +1 long sword
rCold    . . .     Faith    +   c - +0 kite shield
rNeg     . . .     Spirit   .   b - +0 scale mail
rPois    .         Reflect  .   p - +2 helmet {SInv}
rElec    .         Harm     .   r - +2 cloak
rCorr    .         Rampage  .   g - +0 pair of gloves
Will     .....                  (no boots)
Stlth    ..........             u - amulet of faith
HPRegen  0.22/turn              (no ring)
MPRegen  0.14/turn              (no ring)

@: no status effects
A: no striking features
a: Renounce Religion, Heroism, Finesse


You were on level 6 of the Dungeon.
You worshipped Okawaru.
Okawaru was extremely pleased with you.
You visited 1 branch of the dungeon, and saw 6 of its levels.

You collected 276 gold pieces.
You spent 217 gold pieces at shops.

Inventory:

Hand Weapons
 a - a +1 long sword (weapon)
 l - a +0 flail of holy wrath
Missiles
 o - 2 throwing nets
 s - 273 stones (quivered)
Armour
 b - a +0 scale mail (worn)
 c - a +0 kite shield (worn)
 g - a +0 pair of gloves (worn)
 p - a +2 helmet of see invisible (worn)
 r - a +2 cloak (worn)
Jewellery
 k - a +6 ring of intelligence
 m - an uncursed ring of fire
 u - an amulet of faith (around neck)
Scrolls
 f - 5 scrolls of identify
 j - 3 scrolls of amnesia
 n - a scroll of enchant weapon
 q - a scroll of enchant armour
 v - a scroll of magic mapping {unknown}
 w - 2 scrolls of remove curse
 y - a scroll of summoning {unknown}
Potions
 d - a potion of ambrosia
 e - 3 potions of flight
 h - 3 potions of invisibility
 i - 2 potions of curing
 t - a potion of lignification
 x - a potion of berserk rage {unknown}
 z - a potion of cancellation {unknown}


   Skills:
 + Level 6.1 Fighting
 + Level 8.5 Long Blades
 + Level 6.2 Armour
 + Level 2.2 Dodging
 + Level 0.7 Stealth
 + Level 6.2 Shields
 * Level 7.1 Invocations


You had 8 spell levels left.
You didn't know any spells.
Your spell library contained the following spells:

 Spells                   Type           Power        Failure   Level
 Confusing Touch          Hex            0%           100%        3
 Gell's Gravitas          Tloc           0%           100%        3
 Petrify                  Tmut/Erth      0%           100%        4
 Metabolic Englaciation   Hex/Ice        0%           100%        5
 Yara's Violent Unravell  Hex/Tmut       0%           100%        5


Dungeon Overview and Level Annotations

Branches:
Dungeon (6/15)
 Temple: D:4-7

Altars:
Dithmenos
Makhleb
Okawaru
Qazlal
Trog

Shops:
D:6 [((}(


Message History

The bolt of electricity hits you!
* * * LOW HITPOINT WARNING * * *
You feel better.
The orc wizard shouts!
The electric eel shoots out a bolt of lightning at you!
The bolt of electricity hits you!
* * * LOW HITPOINT WARNING * * *
You feel better.
A kobold comes into view. x2
The electric eel shoots out a bolt of lightning at you!
The bolt of electricity hits you.
* * * LOW HITPOINT WARNING * * *
Unknown command.
You hit the electric eel.
The electric eel is lightly wounded.
The electric eel shoots out a bolt of lightning at you!
The bolt of electricity hits you!
* * * LOW HITPOINT WARNING * * *
The bolt of electricity hits you!
You die...

..................##.........#
...................#....#...##
....#|##.........|.....##.....
..## ..!..#.....###... .....#
..# ....###.....##..........
.........#..##...##.#...
..................
.....o...........
.≈Ko≈≈≈;.@≈≈.≈≈≈≈
.≈K≈K≈≈≈;≈≈≈≈≈≈≈≈
.≈≈≈≈≈≈≈≈≈≈≈≈≈≈≈≈
.≈≈≈≈≈≈≈≈≈≈≈≈≈≈≈≈
#################


You could see 2 electric eels, an orc wizard, an orc and 3 kobolds.

Vanquished Creatures
  Pikel (D:5)
  Sigmund (D:5)
  Menkaure (D:6)
  An orc warrior (D:5)
  2 sky beasts
  A phantom (D:5)
  4 ogres
  A centaur (D:6)
  2 bullfrogs
  Blork the orc (D:6)
  A scorpion (D:5)
  5 wights
  A howler monkey (D:4)
  A centaur zombie (D:6)
  A bullfrog zombie (D:3)
  2 hounds
  2 jellies
  A bullfrog skeleton (D:4)
  An orc wizard (D:4)
  An iguana (D:6)
  4 worker ants
  A hound skeleton (D:6)
  4 gnolls (D:5)
  9 adders
  An ufetubus (D:6)
  2 oozes
  An adder zombie (D:6)
  A worm (D:3)
  8 leopard geckos
  14 orcs
  A ball python (D:6)
  3 giant cockroaches
  7 goblins
  4 hobgoblins
  5 jackals
  10 kobolds
  2 quokkas
  12 bats
  4 frilled lizards
  A quokka skeleton (D:5)
  6 rats
131 creatures vanquished.

Notes
Turn   | Place    | Note
-------+----------+-------------------------------------------
     0 | D:1      | Eitelfritz the Hill Orc Fighter began the quest for the
                  | Orb.
     0 | D:1      | Reached XP level 1. HP: 19/19 MP: 1/1
   359 | D:1      | Reached XP level 2. HP: 23/27 MP: 2/2
   420 | D:1      | Found an iron altar of Okawaru.
   434 | D:1      | Became a worshipper of Warmaster Okawaru
   895 | D:2      | Reached XP level 3. HP: 33/33 MP: 3/3
  1286 | D:2      | Reached skill level 3 in Long Blades
  1522 | D:3      | Reached skill level 1 in Invocations
  1565 | D:3      | Reached XP level 4. HP: 18/40 MP: 3/5
  1797 | D:3      | Found a shadowy altar of Dithmenos.
  1797 | D:3      | Found a stormy altar of Qazlal.
  2043 | D:3      | Reached XP level 5. HP: 43/46 MP: 6/6
  2362 | D:3      | Found a bloodstained altar of Trog.
  2703 | D:4      | Reached skill level 4 in Long Blades
  2703 | D:4      | Reached XP level 6. HP: 42/47 MP: 7/7
  2827 | D:4      | Reached * piety under Okawaru
  2974 | D:4      | Reached skill level 1 in Dodging
  3823 | D:5      | Entered Level 5 of the Dungeon
  3908 | D:5      | Noticed a sky beast
  3925 | D:5      | Reached skill level 5 in Long Blades
  3925 | D:5      | Reached XP level 7. HP: 28/60 MP: 7/9
  3930 | D:5      | Reached ** piety under Okawaru
  4402 | D:5      | Reached skill level 6 in Long Blades
  4405 | D:5      | Noticed Sigmund
  4417 | D:5      | Killed Sigmund
  4418 | D:5      | Reached skill level 5 in Fighting
  4418 | D:5      | Reached XP level 8. HP: 66/68 MP: 9/11
  4616 | D:5      | Noticed Pikel
  4644 | D:5      | Killed Pikel
  4644 | D:5      | Reached *** piety under Okawaru
  4645 | D:5      | Reached skill level 7 in Long Blades
  4645 | D:5      | Reached skill level 5 in Armour
  4645 | D:5      | Reached skill level 5 in Shields
  4645 | D:5      | Reached skill level 5 in Invocations
  5015 | D:5      | Reached **** piety under Okawaru
  5291 | D:6      | Noticed Blork the orc
  5315 | D:6      | Found Koruas's Antique Armour Shoppe.
  5338 | D:5      | Reached XP level 9. HP: 42/75 MP: 13/13
  5802 | D:6      | Found Isinab's Weapon Emporium.
  5809 | D:6      | Killed Blork the orc
  5818 | D:6      | Reached skill level 8 in Long Blades
  5935 | D:6      | Bought a shiny helmet for 217 gold pieces
  5973 | D:6      | Found Utirgh's Antique Weapon Shop.
  5981 | D:6      | Found Lumozeov's Gadget Boutique.
  6018 | D:6      | Found Qiwek's Antique Weapon Emporium.
  6050 | D:6      | Found an iron altar of Okawaru.
  6282 | D:6      | Found a burning altar of Makhleb.
  6329 | D:6      | Noticed Menkaure
  6341 | D:6      | Killed Menkaure
  6633 | D:6      | Reached ***** piety under Okawaru
  6638 | D:6      | Found an iron altar of Okawaru.
  6816 | D:6      | Killed from afar by an electric eel

Illustrated notes

Levels and vault maps discovered:
D:1:      matt_arrival_grand_opening, layout_loops_ring,
          okawaru_ov_weapons_minmay
D:2:      layout_rooms
D:3:      layout_loops_ring, gammafunk_temple_overflow_wave, trog_hazing_becter
D:4:      layout_cave_pods
D:5:      layout_cave_pods, uniq_sigmund, uniq_pikel
D:6:      minmay_goblin_kobold_castle, layout_cave_pools, lemuel_crystal_altar,
          marbit_many_paths, serial_shops, shop, nicolae_shop_crystal,
          nicolae_shop_behind_doors, nicolae_shop_crystal, nicolae_shop_stone,
          minmay_ruined_shrine, uniq_menkaure, uniq_blork_the_orc

Skill      XL: |  1  2  3  4  5  6  7  8  9 |
---------------+----------------------------+-----
Long Blades    | 3 4 5 6 7 8 |  8.5
Fighting       | 4 5 6 |  6.1
Invocations    | 1 2 3 4 6 7 |  7.1
Armour         | 4 5 6 |  6.2
Shields        | 4 5 6 |  6.2
Dodging        | 1 2 |  2.2
Stealth        | |  0.7

Action                   |  1- 3 |  4- 6 |  7- 9 || total
-------------------------+-------+-------+-------++-------
Melee: Long sword        |    95 |   240 |   298 ||   633
Invok: Heroism           |       |     1 |     3 ||     4
  Use: Scroll            |       |    13 |     3 ||    16
       Potion            |       |       |     6 ||     6
Armor: Scale mail        |    56 |   144 |   147 ||   347
Dodge: Dodged            |    33 |    95 |   124 ||   252
Block: Kite shield       |    53 |   147 |   168 ||   368
       Rpst.: Long sword |    10 |    36 |    44 ||    90
